 Dungeon Crawl Stone Soup version 0.29-a0-321-gf1c400731a (webtiles) character file.

Game seed: 4052657299053688624

58935 EnegeticOcto the Spry (level 14, -6/71 (75) HPs)
             Began as a Deep Elf Hunter on Apr 4, 2022.
             Was a Follower of Dithmenos.
             Mangled by a boulder beetle (23 damage)
             ... on level 12 of the Dungeon.
             The game lasted 00:54:25 (22217 turns).

EnegeticOcto the Spry (Deep Elf Hunter)            Turns: 22217, Time: 00:54:26

HP:   -6/71 (75)    AC: 13    Str:  8    XL:     14   Next: 51%
MP:   34/34         EV: 24    Int: 18    God:    Dithmenos [*.....]
Gold: 249           SH:  0    Dex: 20    Spells: 13/13 levels left

rFire   + . .      SeeInvis .   a - +2 shortbow
rCold   + . .      Faith    .   (shield currently unavailable)
rNeg    . . .      Spirit   .   L - +0 troll leather armour
rPois   .          Reflect  .   c - +1 hat {Stlth+}
rElec   +          Harm     .   T - scarf {repulsion}
rCorr   .          Rampage  .   H - +1 pair of gloves of Spite {+Inv rElec rC+ MP+9}
Will    ++...                   d - +0 pair of boots
Stlth   +++++.....              n - amulet of regeneration
HPRegen 1.81/turn               R - ring of willpower
MPRegen 0.24/turn               e - ring of protection from fire

@: wreathed by umbra, studying Dodging, drained, repel missiles
A: horns 1, iridescent scales 2, frail 1
a: Renounce Religion, Evoke Invisibility


You were on level 12 of the Dungeon.
You worshipped Dithmenos.
Dithmenos was aware of your devotion.
You visited 3 branches of the dungeon, and saw 19 of its levels.
You also visited: Bailey.

You collected 1418 gold pieces.
You spent 1169 gold pieces at shops.

Inventory:

Hand Weapons
 a - a +2 shortbow (weapon)
Missiles
 b - 4 throwing nets {!f}
 o - a curare-tipped dart
Armour
 c - a +1 hat of stealth (worn)
   (You took it off Gastronok on level 8 of the Dungeon)
 d - a +0 pair of boots (worn)
   (You found it on level 4 of the Dungeon)
 y - the +1 ring mail of the Enchanted Forest {rC+ Will+ SInv}
   (You found it on level 5 of the Dungeon)

   rC:        It protects you from cold.
   SInv:      It lets you see invisible.
   Will:      It increases your willpower.
 H - the +1 pair of gloves of Spite (worn) {+Inv rElec rC+ MP+9}
   (You found it in a bailey)

   rC:        It protects you from cold.
   rElec:     It insulates you from electricity.
   MP:        It affects your magic capacity (+9).
   +Inv:      It lets you turn invisible.
 L - a +0 troll leather armour (worn)
   (You found it on level 10 of the Dungeon)
 T - a scarf of repulsion (worn)
   (You bought it in a shop on level 10 of the Dungeon)
Jewellery
 e - a ring of protection from fire (right hand)
   (You found it on level 2 of the Dungeon)
 n - an amulet of regeneration (around neck)
   (You found it on level 2 of the Dungeon)
 p - a ring of protection from cold
   (You found it on level 8 of the Dungeon)
 D - a ring of see invisible
   (You found it on level 7 of the Dungeon)
 I - a ring of flight
   (You found it on level 11 of the Dungeon)
 R - a ring of willpower (left hand)
   (You found it on level 4 of the Lair of Beasts)
Wands
 r - a wand of charming (2)
   (You found it on level 3 of the Dungeon)
 u - a wand of iceblast (11) {@v2}
   (You found it on level 4 of the Dungeon)
 A - a wand of polymorph (3)
   (You found it on level 6 of the Dungeon)
 B - a wand of flame (59) {@v4}
   (You found it on level 6 of the Dungeon)
 C - a wand of digging (15) {@v3}
   (You found it on level 7 of the Dungeon)
 M - a wand of acid (4) {@v1}
   (You took it off an orc on level 10 of the Dungeon)
Scrolls
 f - 6 scrolls of teleportation {@r3 !r}
 g - a scroll of vulnerability
 h - 2 scrolls of immolation
 i - 2 scrolls of fog {!r}
 l - a scroll of silence
 m - 4 scrolls of blinking {@r4}
 v - 4 scrolls of fear {!r}
 J - 4 scrolls of enchant weapon
 O - a scroll of magic mapping {@r5 !r}
 Q - 4 scrolls of holy word
 S - 5 scrolls of identify {@r1}
 V - a scroll of enchant armour
Potions
 j - a potion of ambrosia
 k - 3 potions of mutation
 q - 9 potions of curing {@q1 !q}
 s - 4 potions of brilliance
 t - a potion of cancellation
 w - 2 potions of flight
 x - a potion of might {@q3 !q}
 z - 5 potions of lignification {@q6}
 E - 6 potions of heal wounds {@q2 !q}
 F - 7 potions of haste {@q4 !q}
 G - 2 potions of magic
 K - 2 potions of attraction
 U - a potion of resistance
Miscellaneous
 N - a condenser vane
   (You found it on level 1 of the Lair of Beasts)
 P - a lightning rod (1/4)
   (You found it on level 2 of the Lair of Beasts)


   Skills:
 + Level 8.6 Fighting
 - Level 16.0 Bows
 + Level 4.3 Armour
 - Level 18.0 Dodging
 - Level 6.0 Stealth
 - Level 12.0 Invocations
 - Level 12.0 Evocations


You had 13 spell levels left.
You didn't know any spells.
Your spell library contained the following spells:

 Spells                   Type           Power      Damage    Failure   Level
 Foxfire                  Conj/Fire      0%         2x1d4     30%         1
 Call Imp                 Summ           0%         N/A       41%         2
 Conjure Flame            Conj/Fire      0%         6-21      65%         3
 Inner Flame              Hex/Fire       0%         N/A       65%         3
 Animate Dead             Necr           0%         N/A       96%         4
 Flame Wave               Conj/Fire      0%         2d4       96%         4
 Summon Lightning Spire   Summ/Air       0%         N/A       96%         4
 Borgnjor's Vile Clutch   Necr/Erth      0%         N/A       100%        5
 Fireball                 Conj/Fire      0%         3d3       100%        5
 Iskenderun's Battlesphe  Conj           0%         2d6       100%        5
 Summon Forest            Summ/Tloc      0%         N/A       100%        5
 Conjure Ball Lightning   Conj/Air       0%         3x3d6     100%        6
 Death Channel            Necr           0%         N/A       100%        6
 Eringya's Noxious Bog    Tmut/Pois      0%         N/A       100%        6
 Monstrous Menagerie      Summ           0%         N/A       100%        7
 Orb of Destruction       Conj           0%         9d5       100%        7
 Summon Hydra             Summ           0%         N/A       100%        7
 Chain Lightning          Conj/Air       0%         N/A       100%        9
 Fire Storm               Conj/Fire      0%         5d1       100%        9
 Shatter                  Erth           0%         3d5*      100%        9


Dungeon Overview and Level Annotations

Branches:
Dungeon (12/15)            Temple (1/1) D:6            Lair (6/6) D:8
 Shoals (0/4) Lair:4        Snake (0/4) Lair:3        Slime (0/5) Lair:6
    Orc (0/2) D:10         Bailey (visited)

Altars:
Ashenzari
Cheibriados
Dithmenos
Elyvilon
Fedhas
Gozag
Hepliaklqana
Kikubaaqudgha
Makhleb
Nemelex Xobeh
Okawaru
Qazlal
Ru
Sif Muna
Trog
Uskayaw
Vehumet
Wu Jian
Xom
Yredelemnul
Zin
The Shining One
Jiyva

Shops:
D:1 ?   D:2 **=   D:3 (   D:5 !   D:8 *!   D:9 *?   D:10 [[

Annotations:
Lair:4 1 runed translucent door, Koenypu's ghost, journeyman SpVM
Lair:5 2 transporters, demivan's ghost, journeyman MiFi


Innate Abilities, Weirdness & Mutations

You have a pair of small horns on your head.
You are mostly covered in iridescent scales. (AC +4)
You are frail. (-10% HP)


Message History

(? for menu, Esc to cancel) < or
R - a ring of willpower; > or
D - a ring of see invisible You remove your ring of see invisible.
e - a ring of protection from fire (right hand)
You now have 249 gold pieces (gained 9).
You shoot an arrow. The arrow hits the boulder beetle!
The boulder beetle is lightly wounded.
You shoot an arrow.
The arrow hits the boulder beetle but does no damage.
The boulder beetle is lightly wounded.
You shoot an arrow.
The arrow hits the boulder beetle but does no damage.
The boulder beetle is lightly wounded.
You shoot an arrow.
The arrow hits the boulder beetle but does no damage.
The boulder beetle is lightly wounded.
You shoot an arrow.
The arrow hits the boulder beetle but does no damage.
The boulder beetle is lightly wounded.
Aiming: Polymorph
Press: ? - help, Shift-Dir - straight line, f/p - boulder beetle
Aim: a boulder beetle (lightly wounded, will become a spark wasp, an ettin, or a great orb of eyes, chance to affect: 58%)
Okay, then.
You shoot an arrow.
The arrow hits the boulder beetle but does no damage.
The boulder beetle is lightly wounded.
You shoot an arrow.
The arrow hits the boulder beetle but does no damage.
The boulder beetle is lightly wounded.
You shoot an arrow.
The arrow hits the boulder beetle but does no damage.
The boulder beetle is lightly wounded.
You shoot an arrow.
The arrow hits the boulder beetle but does no damage.
The boulder beetle is lightly wounded.
You shoot an arrow. The arrow hits the boulder beetle!
The boulder beetle is lightly wounded.
The boulder beetle completely misses you.
You shoot an arrow.
The arrow hits the boulder beetle but does no damage.
The boulder beetle is lightly wounded.
The boulder beetle leaps!
You shoot an arrow.
The arrow hits the boulder beetle but does no damage.
The boulder beetle is lightly wounded.
You shoot an arrow. The arrow hits the boulder beetle.
The boulder beetle is moderately wounded.
The boulder beetle curls into a ball and begins rolling!
Things that are here:
a +0 troll leather armour; a troll corpse
There is a stone staircase leading up, spattered with blood here.
You shoot an arrow.
The arrow completely misses the boulder beetle.
You shoot an arrow.
The arrow barely misses the boulder beetle.
The boulder beetle barely misses you.
The boulder beetle stops rolling and uncurls.
You shoot an arrow. The arrow hits the boulder beetle!
The boulder beetle is moderately wounded.
You shoot an arrow.
The arrow hits the boulder beetle but does no damage.
The boulder beetle is moderately wounded.
The boulder beetle bites you!!
You shoot an arrow. The arrow hits the boulder beetle!
The boulder beetle is heavily wounded.
The boulder beetle bites you but does no damage.
You shoot an arrow.
The arrow hits the boulder beetle but does no damage.
The boulder beetle is heavily wounded.
The boulder beetle bites you but does no damage.
You shoot an arrow.
The arrow hits the boulder beetle but does no damage.
The boulder beetle is heavily wounded.
You shoot an arrow. The arrow hits the boulder beetle.
The boulder beetle is heavily wounded.
The boulder beetle bites you.
You shoot an arrow.
The arrow hits the boulder beetle but does no damage.
The boulder beetle is heavily wounded.
The boulder beetle bites you!!
You are too injured to fight recklessly!
You are too injured to fight recklessly!
You are too injured to fight recklessly!
You are too injured to fight recklessly!
You are too injured to fight recklessly!
Shoot: a) +2 shortbow
Press: ? - help, Q - select action, (/) - cycle Shift-Dir - straight line, f/p - boulder beetle
Aim: a boulder beetle (moderately wounded, umbra, 92% to hit)
You shoot an arrow. The arrow hits the boulder beetle.
The boulder beetle is heavily wounded.
The boulder beetle bites you!!
* * * LOW HITPOINT WARNING * * *
Aiming: Corrosive Bolt
Press: ? - help, Shift-Dir - straight line, f/p - boulder beetle
Aim: a boulder beetle (heavily wounded, umbra, 100% to hit)
The bolt of acid hits the boulder beetle!
The acid corrodes the boulder beetle!
The boulder beetle is severely wounded.
The boulder beetle bites you!!
You die...

.........#
.........#
.........#
.........#
.........+
.........######
........(.....#
#.[@......#
#..B..#+###
#.....# #.....#
.###+#.....#
...........#
#####...)..#
#......#
#......#


You could see a boulder beetle (corroded).

Vanquished Creatures
  Gastronok (D:8)
  3 hydras
  A boulder beetle (D:12)
  A two-headed ogre (D:9)
  A merfolk avatar (Lair:6)
  Urug (Lair:1)
  9 death yaks
  Nergalle (Lair:4)
  A wizard (D:12)
  An ugly thing (D:12)
  A harpy (Lair:6)
  3 manticores
  2 merfolk sirens (Lair:4)
  23 elephants
  2 torpor snails
  6 black mambas
  4 gargoyles
  17 cane toads
  A kobold demonologist (D:9)
  An unseen horror (D:10)
  14 komodo dragons
  4 rime drakes
  3 merfolk
  3 trolls
  2 hornets (Lair:6)
  A wind drake (Lair:6)
  4 polar bears
  Prince Ribbit (D:7)
  6 dream sheep (Lair:5)
  2 blink frogs (Lair:6)
  A shadow (D:11)
  44 yaks
  A vampire (Bailey)
  4 wyverns
  5 basilisks
  2 steam dragons
  Grum (Lair:1)
  An acid dragon (D:11)
  12 water moccasins
  A swamp drake (D:10)
  A black bear (shapeshifter) (Lair:6)
  An ice beast (D:3)
  A sky beast (Lair:6)
  3 black bears
  5 orc warriors
  An ogre (D:5)
  25 wolves
  4 centaurs
  2 phantoms
  3 kobold brigands
  A gnoll sergeant (D:9)
  16 bullfrogs
  3 necrophages
  2 scorpions (D:4)
  10 wights
  14 killer bees
  A howler monkey (D:7)
  7 vampire bats (Bailey)
  5 wolf zombies (Bailey)
  6 hounds
  A jelly (D:5)
  15 orc priests
  9 orc wizards
  2 iguanas (D:5)
  Robin (D:2)
  4 gnolls (D:9)
  12 adders
  2 ufetubi (D:5)
  2 worms
  3 dart slugs
  57 orcs
  9 bats
  9 endoplasms
  3 giant cockroaches
  15 goblins
  8 hobgoblins
  5 jackals
  A quokka (D:4)
  12 ball pythons
  4 frilled lizards
  21 kobolds
  19 orc zombies (Bailey)
  A bush (Lair:4)
518 creatures vanquished.

Vanquished Creatures (collateral kills)
  A two-headed ogre (D:9)
  An acid dragon (D:7)
  An orc (D:7)
3 creatures vanquished.

Vanquished Creatures (others)
  2 black mambas
  A komodo dragon (Lair:2)
  A troll (D:9)
  A yak (Lair:2)
  An orc warrior (D:10)
  A black bear (Lair:1)
  63 fungi
  98 plants
168 creatures vanquished.

Grand Total: 689 creatures vanquished

Notes
Turn   | Place    | Note
-------+----------+-------------------------------------------
     0 | D:1      | EnegeticOcto the Deep Elf Hunter began the quest for the
                  | Orb.
     0 | D:1      | Reached XP level 1. HP: 12/12 MP: 3/3
   195 | D:1      | Reached skill level 2 in Stealth
   646 | D:1      | Reached XP level 2. HP: 16/16 MP: 4/4
   658 | D:1      | Reached skill level 3 in Stealth
   872 | D:1      | Found Biweupusk's Magic Scroll Emporium.
  1222 | D:2      | Found Abloapah's General Store.
  1229 | D:2      | Bought a scroll of teleportation for 33 gold pieces
  1247 | D:2      | Reached skill level 4 in Stealth
  1247 | D:2      | Reached XP level 3. HP: 14/20 MP: 5/5
  1436 | D:2      | Found Qemyoph's Jewellery Shoppe.
  1525 | D:2      | Noticed Robin
  1532 | D:2      | Reached skill level 6 in Bows
  1532 | D:2      | Killed Robin
  1605 | D:2      | Reached XP level 4. HP: 18/25 MP: 6/6
  1899 | D:2      | Found Zeoll's General Store.
  2399 | D:3      | Noticed an ice beast
  2487 | D:3      | Reached skill level 7 in Bows
  2710 | D:3      | Reached XP level 5. HP: 29/29 MP: 7/7
  2720 | D:3      | Found a shimmering blue altar of Sif Muna.
  2778 | D:3      | Found Plog's Weapon Emporium.
  2860 | D:3      | Killed an ice beast
  2861 | D:3      | Reached skill level 8 in Bows
  3109 | D:4      | Reached skill level 9 in Bows
  3109 | D:4      | Reached XP level 6. HP: 32/34 MP: 8/8
  3560 | D:4      | Reached skill level 10 in Bows
  3672 | D:2      | Bought a potion of curing for 33 gold pieces
  3713 | D:1      | Bought a scroll of fear for 45 gold pieces
  3713 | D:1      | Bought a scroll of noise for 13 gold pieces
  3814 | D:5      | Entered Level 5 of the Dungeon
  3867 | D:5      | Found Aroff's Distillery.
  3964 | D:5      | Reached XP level 7. HP: 38/38 MP: 9/9
  4109 | D:5      | Identified the +1 ring mail of the Enchanted Forest {rC+
                  | Will+ SInv}
  4235 | D:5      | Reached skill level 11 in Bows
  4555 | D:5      | Found an iron altar of Okawaru.
  4844 | D:6      | Found a staircase to the Ecumenical Temple.
  4853 | Temple   | Entered the Ecumenical Temple
  5074 | Temple   | Became a worshipper of Elyvilon the Healer
  5193 | D:6      | Reached skill level 1 in Evocations
  5228 | D:6      | Reached skill level 2 in Fighting
  5228 | D:6      | Reached skill level 12 in Bows
  5228 | D:6      | Reached XP level 8. HP: 42/44 MP: 10/10
  5285 | D:6      | Reached skill level 2 in Evocations
  5316 | D:6      | Reached skill level 5 in Stealth
  5375 | D:6      | Found a glowing silver altar of Zin.
  5411 | D:6      | Reached skill level 3 in Evocations
  5609 | D:7      | Reached skill level 3 in Fighting
  5688 | D:7      | Reached skill level 6 in Stealth
  5705 | D:7      | Found a sacrificial altar of Ru.
  5747 | D:7      | Reached * piety under Elyvilon
  5786 | D:7      | Reached skill level 4 in Evocations
  5867 | D:7      | Reached skill level 13 in Bows
  5882 | D:7      | Found a glowing golden altar of the Shining One.
  5893 | D:7      | Found a basalt altar of Yredelemnul.
  5895 | D:7      | Noticed a profane servitor
  5901 | D:7      | Noticed an angel
  6044 | D:7      | Found a shadowy altar of Dithmenos.
  6343 | D:8      | Found Dolik's Distillery.
  6353 | D:7      | Reached XP level 9. HP: 38/50 MP: 11/11
  6453 | D:8      | Noticed Gastronok
  6537 | D:8      | Noticed a death yak
  6537 | D:8      | Noticed a death yak
  6537 | D:8      | Noticed a death yak
  6640 | D:8      | Killed Gastronok
  6641 | D:8      | Reached skill level 15 in Bows
  6751 | D:8      | Bought a potion of haste for 120 gold pieces
  6751 | D:8      | Bought a potion of flight for 36 gold pieces
  6791 | D:8      | Noticed Prince Ribbit
  6814 | D:7      | Killed Prince Ribbit
  6815 | D:7      | Reached skill level 16 in Bows
  6823 | D:8      | Reached skill level 1 in Invocations
  7107 | D:8      | Reached skill level 3 in Dodging
  7210 | D:8      | Reached ** piety under Elyvilon
  7499 | D:7      | Reached skill level 2 in Invocations
  7533 | D:9      | Found Cekhli Bouwk's General Store.
  7565 | D:9      | Noticed a troll
  7570 | D:9      | Noticed a two-headed ogre
  7577 | D:9      | Killed a two-headed ogre
  7578 | D:9      | Reached skill level 4 in Fighting
  7578 | D:9      | Reached skill level 4 in Dodging
  7578 | D:9      | Reached skill level 3 in Invocations
  7578 | D:9      | Reached XP level 10. HP: 56/56 MP: 12/14
  7613 | D:9      | Noticed a two-headed ogre
  7620 | D:9      | Killed a two-headed ogre
  7621 | D:9      | Reached skill level 5 in Dodging
  7625 | D:9      | Noticed a manticore
  7627 | D:9      | Found a flagged portal.
  7636 | Bailey   | Entered a bailey
  7764 | Bailey   | Reached skill level 4 in Invocations
  8043 | Bailey   | Noticed a gargoyle
  8089 | Bailey   | Killed a gargoyle
  8112 | Bailey   | Reached skill level 6 in Dodging
  8129 | Bailey   | Identified the +1 pair of gloves of Spite {+Inv rElec rC+
                  | MP+9}
  8141 | Bailey   | Identified the +9 chain mail of Stained Creativity {Regen+
                  | rCorr Str+4}
  8255 | D:9      | Reached skill level 5 in Fighting
  8255 | D:9      | Reached skill level 5 in Invocations
  8311 | D:9      | Found a hazy altar of Hepliaklqana.
  8314 | D:9      | Got the Almanac of Creative Transmigration
  8335 | D:9      | Found Tolat's Magic Scroll Shoppe.
  8379 | D:9      | Bought a scroll of teleportation for 39 gold pieces
  8379 | D:9      | Bought a scroll of silence for 97 gold pieces
  8379 | D:9      | Bought a scroll of fear for 45 gold pieces
  8479 | D:8      | Reached *** piety under Elyvilon
  8485 | D:8      | Found a hide-covered altar of Uskayaw.
  8555 | D:8      | Found a staircase to the Lair.
  8858 | D:9      | Reached skill level 7 in Dodging
  8867 | D:9      | Reached skill level 6 in Invocations
  8973 | D:9      | Killed a manticore
  9039 | D:9      | Reached XP level 11. HP: 64/64 MP: 17/17
  9309 | D:10     | Entered Level 10 of the Dungeon
  9428 | D:10     | Reached skill level 6 in Fighting
  9620 | D:10     | Reached skill level 8 in Dodging
  9874 | D:10     | Found Ehiem's Antique Armour Shop.
  9918 | D:10     | Found Hisalaw's Antique Armour Boutique.
 10043 | D:10     | Reached skill level 7 in Invocations
 10288 | D:10     | Reached skill level 8 in Invocations
 10337 | D:10     | Found a staircase to the Orcish Mines.
 10380 | D:10     | Reached skill level 1 in Armour
 10729 | D:8      | Killed a death yak
 10863 | Lair:1   | Entered Level 1 of the Lair of Beasts
 11010 | Lair:1   | Reached skill level 2 in Armour
 11010 | Lair:1   | Reached skill level 5 in Evocations
 11532 | Lair:1   | Noticed Urug
 11558 | Lair:1   | Reached skill level 3 in Armour
 11558 | Lair:1   | Reached skill level 6 in Evocations
 11669 | Lair:1   | Reached skill level 7 in Evocations
 11733 | Lair:1   | Gained mutation: You are frail. (-10% HP) [potion of
                  | mutation]
 11733 | Lair:1   | Gained mutation: Your mind is acute. (Int +2) [potion of
                  | mutation]
 11733 | Lair:1   | Gained mutation: You expend magic power (3 MP) to
                  | strengthen your wands. [potion of mutation]
 11734 | Lair:1   | Lost mutation: Your mind is acute. (Int +2) [potion of
                  | mutation]
 11734 | Lair:1   | Lost mutation: You expend magic power (3 MP) to strengthen
                  | your wands. [potion of mutation]
 11734 | Lair:1   | Gained mutation: You sometimes lose the ability to read
                  | scrolls when taking damage. [potion of mutation]
 11734 | Lair:1   | Gained mutation: You have hidden genetic potential. [potion
                  | of mutation]
 11735 | Lair:1   | Lost mutation: You have hidden genetic potential. [potion
                  | of mutation]
 11735 | Lair:1   | Lost mutation: You are frail. (-10% HP) [potion of
                  | mutation]
 11735 | Lair:1   | Gained mutation: You are frail. (-10% HP) [potion of
                  | mutation]
 11735 | Lair:1   | Gained mutation: You have a pair of small horns on your
                  | head. [potion of mutation]
 11736 | Lair:1   | Lost mutation: You are frail. (-10% HP) [potion of
                  | mutation]
 11736 | Lair:1   | Lost mutation: You sometimes lose the ability to read
                  | scrolls when taking damage. [potion of mutation]
 11736 | Lair:1   | Gained mutation: You are partially covered in iridescent
                  | scales. (AC +2) [potion of mutation]
 11736 | Lair:1   | Gained mutation: You are mostly covered in iridescent
                  | scales. (AC +4) [potion of mutation]
 11736 | Lair:1   | Gained mutation: You are frail. (-10% HP) [potion of
                  | mutation]
 11926 | Lair:1   | Reached skill level 8 in Evocations
 12187 | Lair:1   | Reached skill level 9 in Evocations
 12217 | Lair:1   | Noticed Grum
 12221 | Lair:1   | Killed Grum
 12222 | Lair:1   | Reached XP level 12. HP: 63/63 MP: 20/20
 12450 | Lair:1   | Reached skill level 10 in Evocations
 12997 | Lair:2   | Reached skill level 9 in Dodging
 13024 | Lair:2   | Reached skill level 9 in Invocations
 13142 | Lair:2   | Reached skill level 7 in Fighting
 13482 | Lair:3   | Reached **** piety under Elyvilon
 13766 | Lair:3   | Reached skill level 10 in Dodging
 13879 | Lair:3   | Reached skill level 10 in Invocations
 13992 | Lair:3   | Found a staircase to the Snake Pit.
 14518 | Lair:4   | Noticed Nergalle
 14518 | Lair:4   | Found a runed translucent door.
 14621 | Lair:4   | Reached XP level 13. HP: 63/64 MP: 22/22
 14654 | Lair:4   | Reached skill level 8 in Fighting
 14674 | Lair:4   | Reached skill level 11 in Dodging
 14721 | Lair:4   | Identified a scroll of acquirement
 14721 | Lair:4   | Acquired a manual of Dodging
 15147 | Lair:4   | Noticed Koenypu's ghost (journeyman SpVM)
 15147 | Lair:4   | Identified the +6 trident of the Briny Deep {vorpal, *Slow
                  | rF+ Int+3}
 15199 | Lair:4   | Reached ***** piety under Elyvilon
 15437 | Lair:4   | Reached skill level 12 in Dodging
 15552 | Lair:4   | Was placed under penance by Elyvilon
 15712 | Lair:4   | Killed Nergalle
 15713 | Lair:4   | Reached skill level 13 in Dodging
 15785 | Lair:4   | Identified the +3 shortbow of the Crafting Gods {speed, rC+
                  | Str-5 Int+3}
 15890 | Lair:4   | Reached skill level 11 in Invocations
 15890 | Lair:4   | Reached skill level 11 in Evocations
 15981 | Lair:4   | Found a staircase to the Shoals.
 16504 | Lair:5   | Reached skill level 14 in Dodging
 16920 | Lair:5   | Found a transporter.
 16920 | Lair:5   | Noticed demivan's ghost (journeyman MiFi)
 17038 | Lair:5   | Found a transporter.
 17043 | Lair:5   | Found a bloodstained altar of Trog.
 17344 | D:10     | Bought a glowing scarf for 224 gold pieces
 17540 | D:1      | Bought a scroll of enchant weapon for 97 gold pieces
 17540 | D:1      | Bought a scroll of enchant weapon for 97 gold pieces
 17540 | D:1      | Bought a scroll of blinking for 97 gold pieces
 17540 | D:1      | Bought a scroll of blinking for 97 gold pieces
 17618 | D:2      | Bought a potion of ambrosia for 96 gold pieces
 17964 | D:8      | Found Amie's Fire Supplies.
 19301 | Lair:6   | Entered Level 6 of the Lair of Beasts
 19691 | Lair:6   | Reached XP level 14. HP: 75/75 MP: 24/24
 19892 | Lair:6   | Reached skill level 15 in Dodging
 19892 | Lair:6   | Reached skill level 12 in Invocations
 19892 | Lair:6   | Reached skill level 12 in Evocations
 20351 | Lair:6   | Reached skill level 16 in Dodging
 20545 | Lair:6   | Fell from the grace of Elyvilon
 20770 | D:7      | Became a worshipper of Dithmenos the Shadowed
 20944 | Lair:6   | Reached skill level 17 in Dodging
 21158 | Lair:6   | Found a viscous altar of Jiyva.
 21158 | Lair:6   | Found a staircase to the Slime Pits.
 21474 | Lair:6   | Noticed Snorg
 21479 | Lair:6   | Noticed Snorg
 21479 | Lair:6   | Snorg changed into Snorg the shapeshifter
 21480 | Lair:6   | Noticed Snorg
 21480 | Lair:6   | Snorg the shapeshifter changed into Snorg the black bear
 21486 | Lair:6   | Killed Snorg the black bear
 21562 | Lair:6   | Reached * piety under Dithmenos
 21932 | Lair:1   | Killed Urug
 21933 | Lair:1   | Reached skill level 4 in Armour
 22175 | D:12     | Reached skill level 18 in Dodging
 22217 | D:12     | Mangled by a boulder beetle

Illustrated notes

Levels and vault maps discovered:
D:1:      saegor_arrival_simple_d, layout_basic, serial_shops,
          nicolae_shop_behind_doors
D:2:      layout_loops_ring, serial_shops, shop, nicolae_shop_behind_doors,
          shop, st_stairs_4, grunt_ministairs_11, uniq_robin
D:3:      layout_rooms, led_sif_pool, serial_shops, shop,
          hangedman_decor_growths, grunt_decor_arrowhead, grunt_ministairs_1
D:4:      layout_cave_pools, roderic_roman_lattice,
          hangedman_abyss_or_decor_stagger, minmay_misc_feat_diagonals
D:5:      layout_cave_pods, okawaru_metal_pillars_1_2, serial_shops,
          nicolae_shop_advertising_works [nicolae_subvault_shop_adworks]
D:6:      layout_cave_pools, marbit_many_paths, minmay_temple_entry_arrows
D:7:      layout_basic, grunt_temple_overflow_holy_war, grunt_dithmenos_smoke,
          hangedman_ru_absence
D:8:      layout_loops_ring, nicolae_uskayaw_dance_studio, dpeg_lair_monsters,
          serial_shops, nicolae_stop_n_shop_2, nicolae_shop_fire_sale
          [nicolae_sub_dead_trees], nicolae_concentric_dashed_squares_mild,
          uniq_prince_ribbit1, uniq_gastronok
D:9:      layout_big_octagon, mainiacjoe_overflow_24_doors, serial_shops,
          shop_statue, nicolae_shop_waterfront, enter_bailey_8,
          kennysheep_minor_cross, hangedman_fish_farm
D:10:     layout_cave_pools, erik_orc_1, special_room [special_room_orc],
          serial_shops, nicolae_stop_n_shop_1, shop
D:11:     layout_basic
D:12:     layout_irregular_city, gammafunk_ghost_necromancy, uniq_nessos,
          uniq_rupert
Temple:   nicolae_temple_figure_eight
Lair:1:   layout_concentric_octagons, beast_lair_carwin_10, uniq_urug, uniq_grum
Lair:2:   layout_misc_corridors, grunt_megastairs_3
Lair:3:   layout_regular_city, dummy_snake_entry, infiniplex_staircase_pool_2,
          lemuel_fruit_tree
Lair:4:   layout_roguey, elwin_shoals_entry_stream, ebering_ghost_funeral_grove,
          uniq_nergalle
Lair:5:   layout_gridlike, gammafunk_ghost_wrathful_warriors,
          serial_bayou_shore_b
Lair:6:   gammafunk_lair_ancient_temple, layout_layer_cave, slime_altar_1,
          grunt_megastairs_2, uniq_snorg

Skill      XL: |  1  2  3  4  5  6  7  8  9 10 11 12 13 14 |
---------------+-------------------------------------------+-----
Stealth        | 2 4 6 |  6.0
Bows           | 6 7 9 10 12 13 16 | 16.0
Evocations     | 1 4 9 10 11 12 | 12.0
Fighting       | 2 3 4 5 6 7 8 |  8.6
Invocations    | 3 6 8 10 11 12 | 12.0
Dodging        | 4 7 8 10 14 18 | 18.0
Armour         | 3 4 |  4.3

Action                   |  1- 3 |  4- 6 |  7- 9 | 10-12 | 13-15 || total
-------------------------+-------+-------+-------+-------+-------++-------
Melee: Trident           |       |       |       |       |    75 ||    75
       Headbutt          |       |       |       |       |    55 ||    55
       Unarmed           |       |       |       |       |    43 ||    43
       Shortbow          |       |       |       |       |     9 ||     9
       Punch             |       |       |       |       |     4 ||     4
 Fire: Shortbow          |    85 |   197 |   304 |  1334 |  1344 ||  3264
Invok: Heal Self         |       |       |       |     9 |     2 ||    11
       Heal Other        |       |       |       |     3 |       ||     3
       Purification      |       |       |       |     1 |       ||     1
 Abil: Evoke Invisibilit |       |       |       |     4 |     7 ||    11
Evoke: Wand              |       |       |     5 |    21 |    15 ||    41
       Lightning rod     |       |       |       |       |    12 ||    12
       Condenser vane    |       |       |       |       |     2 ||     2
  Use: Scroll            |     3 |     8 |     7 |     6 |     5 ||    29
       Potion            |       |       |       |     8 |       ||     8
Armor: Leather armour    |     9 |    50 |       |       |       ||    59
       Ring mail         |       |       |    90 |    89 |       ||   179
       Troll leather arm |       |       |       |   151 |   185 ||   336
Dodge: Dodged            |    20 |    77 |   104 |   599 |   785 ||  1585
       Repelled          |       |       |       |       |     4 ||     4

Table legend: (Time is in decaauts)
 A = Elapsed time spent in this place.
 B = Non-inter-level travel time spent in this place.
 C = Inter-level travel time spent in this place.
 D = Time resting spent in this place.
 E = Time spent auto-exploring this place.
 F = Levels seen in this place.
 G = Mean time per level.
                   A        B        C        D        E       F      G
               +--------+--------+--------+--------+--------+-----+--------+
         Total |  21740 |  19384 |   2356 |   3470 |  10227 |  20 | 1087.0 |
       Dungeon |  12252 |  10651 |   1601 |   1794 |   6164 |  12 | 1021.0 |
        Temple |    234 |    201 |     33 |      0 |    197 |   1 |  234.0 |
          Lair |   8672 |   7950 |    722 |   1543 |   3836 |   6 | 1445.3 |
        Bailey |    581 |    581 |      0 |    133 |     30 |   1 |  581.0 |
               +--------+--------+--------+--------+--------+-----+--------+

Top non-repeatable levels by time:
  Lair:6: 2098 daAuts
     D:8: 1853 daAuts
  Lair:1: 1742 daAuts
  Lair:4: 1578 daAuts
     D:2: 1525 daAuts
    D:10: 1367 daAuts
     D:1: 1327 daAuts
  Lair:3: 1292 daAuts
     D:7: 1151 daAuts
     D:9: 1055 daAuts
    D:11: 1017 daAuts
  Lair:2: 1009 daAuts
  Lair:5: 950 daAuts
     D:5: 912 daAuts
     D:4: 668 daAuts
